 Dungeon Crawl Stone Soup version 0.29.1-14-g9c671dbff4 (webtiles) character file.

Game seed: 12462434657305919717

50010 javelincjr the Thaumaturge (level 14, -10/83 HPs)
             Began as a Djinni Conjurer on Feb 15, 2023.
             Was a High Priest of Hepliaklqana.
             Killed from afar by Jorgrun (41 damage)
             ... with an iron shot
             ... on level 14 of the Dungeon.
             The game lasted 01:54:11 (18700 turns).

javelincjr the Thaumaturge (Djinni Conjurer)       Turns: 18700, Time: 01:54:14

Health: -10/83     AC:  8    Str: 14    XL:     14   Next: 95%
Gold:   593        EV:  6    Int: 26    God:    Hepliaklqana [*****.] SH:  8 Dex: 12

rFire   + + .      SeeInvis .   C - +6 spear of the Fifty Artists {spect, +Blink}
rCold   . . .      Faith    +   T - +0 kite shield
rNeg    . . .      Spirit   .   a - +0 steam dragon scales
rPois   ∞          Reflect  .   R - +1 helmet {Int+3}
rElec   .          Harm     .   S - scarf {repulsion}
rCorr   .          Rampage  .   (no gloves)
Will    +....                   (boots unavailable)
Stlth   +++.......              l - amulet of faith
HPRegen 0.23/turn               N - ring of protection from cold
MPRegen 0.00/turn               B - +6 ring of strength

@: petrifying, flying, repel missiles, very slow
A: reduced essence, sickness immunity, fire resistance 2, cold vulnerability 1,
float, innate caster, HP casting, extra vitality 1
a: Renounce Religion, Evoke Blink, Recall Ancestor, Ancestor Identity,
Transference, Idealise


You were on level 14 of the Dungeon.
You worshipped Hepliaklqana.
Hepliaklqana was extremely pleased with you.
You visited 2 branches of the dungeon, and saw 15 of its levels.
You also visited: Ossuary and Bailey.

You collected 833 gold pieces.
You spent 240 gold pieces at shops.

Inventory:

Hand Weapons
 c - a +5 falchion of freezing
 g - a +2 vampiric spear
 i - a +2 dagger of venom
 m - the +7 sling of Havoc {speed, rC- MP+9 Int+3}
   (You found it on level 2 of the Dungeon)

   Attacks with this weapon are significantly faster.
   Int:       It affects your intelligence (+3).
   rC:        It makes you vulnerable to cold.
   MP:        It affects your magic capacity (+9).
 C - the +6 spear of the Fifty Artists (weapon) {spect, +Blink}
   (You bought it in a shop on level 6 of the Dungeon)

   When its wielder attacks, the weapon's spirit leaps out and strikes again.
   The spirit shares a part of any damage it takes with its wielder.
   +Blink:    It lets you blink.
 W - a +4 rapier of holy wrath
 X - a +3 dagger of distortion
 Y - a +2 morningstar of protection
Missiles
 s - 10 poisoned darts
 H - 3 javelins
 K - 4 curare-tipped darts
 O - 11 boomerangs
 Z - 4 silver javelins
Armour
 a - +0 steam dragon scales (worn)
 t - +0 acid dragon scales
 J - a +2 helmet
 Q - the +6 chain mail "Ikli" {Will+ Int-4 Dex+4}
   (You found it on level 13 of the Dungeon)

   Int:       It affects your intelligence (-4).
   Dex:       It affects your dexterity (+4).
   Will:      It increases your willpower.
 R - a +1 helmet of intelligence (worn)
 S - a scarf of repulsion (worn)
 T - a +0 kite shield (worn)
Jewellery
 l - an amulet of faith (around neck)
 y - a +4 ring of evasion
 A - a +6 ring of intelligence
 B - a +6 ring of strength (right hand)
 D - a ring of willpower
 N - a ring of protection from cold (left hand)
 U - a +6 ring of strength
Wands
 f - a wand of flame (8)
 q - a wand of iceblast (15)
 w - a wand of mindburst (13)
 F - a wand of charming (26)
 M - a wand of light (12)
 V - a wand of digging (3)
Scrolls
 b - 10 scrolls of teleportation
 d - a scroll of brand weapon {unknown}
 e - 3 scrolls of fog
 h - 2 scrolls of blinking
 j - 4 scrolls of poison
 n - 5 scrolls of magic mapping
 L - 2 scrolls of fear
 P - a scroll of enchant weapon {unknown}
Potions
 k - 2 potions of heal wounds
 o - a potion of berserk rage
 p - 6 potions of curing
 r - 3 potions of resistance
 u - 2 potions of might
 v - a potion of haste {unknown}
 x - a potion of invisibility
 z - 5 potions of mutation {unknown}
 E - 2 potions of ambrosia {unknown}
 G - 4 potions of brilliance {unknown}
 I - 3 potions of lignification


   Skills:
 + Level 5.9 Fighting
 + Level 6.1 Polearms
 - Level 7.0 Ranged Weapons
 + Level 4.3 Armour
 + Level 6.8 Dodging
 + Level 5.2 Stealth
 + Level 3.6 Shields
 + Level 12.8 Spellcasting
 + Level 2.0 Invocations
 * Level 10.2 Evocations


You had 5 spell levels left.
You knew the following spells:

 Your Spells              Type           Power      Damage    Failure   Level
a - Magic Dart            Conj           100%       1d8       1%          1
b - Searing Ray           Conj           100%       2d8       1%          2
c - Dazzling Flash        Conj/Hex       100%       N/A       1%          3
d - Fulminant Prism       Conj/Hex       35%        3d18      1%          4
e - Iskenderun's Mystic   Conj/Tloc      70%        2d14      1%          4
f - Slow                  Hex            100%       N/A       1%          1
g - Static Discharge      Conj/Air       70%        3-12/arc  1%          2
h - Ozocubu's Armour      Ice            70%        N/A       1%          3
i - Teleport Other        Tloc           70%        N/A       1%          3
j - Blade Hands           Tmut           35%        N/A       1%          5
k - Freezing Cloud        Conj/Ice/Air   35%        6-21      1%          5
Your spell library was empty.

Dungeon Overview and Level Annotations

Branches:
Dungeon (14/15)            Temple (1/1) D:5            Lair (0/5) D:9
    Orc (0/2) D:10         Vaults (0/5) D:14        Ossuary (visited)
 Bailey (visited)

Altars:
Ashenzari
Cheibriados
Dithmenos
Elyvilon
Fedhas
Gozag
Hepliaklqana
Makhleb
Nemelex Xobeh
Okawaru
Qazlal
Ru
Trog
Uskayaw
Wu Jian
Xom
Yredelemnul
Zin
The Shining One

Shops:
D:1 [   D:6 [((

Annotations:
D:14 Jorgrun


Innate Abilities, Weirdness & Mutations

Your life essence is reduced to manifest your ancestor. (-10% HP)
You are immune to sickness and miasma.
You are immune to poison.
Your flesh is very heat resistant. (rF++)
You are vulnerable to cold. (rC-)
You float through the air rather than walking.
You learn spells naturally, not from books.
Your magical power is your life essence.
You have superior vitality. (+4 MHP)


Message History

Ælfthryth is destroyed!
You reach to attack!
You completely miss Jorgrun.
Jorgrun shouts!
Jorgrun is severely wounded.
Your +6 spear of the Fifty Artists {spect, +Blink} hits Jorgrun from afar!
Jorgrun points at you and mumbles some strange words.
The iron shot is repelled.
You reach to attack!
You hit Jorgrun.
Jorgrun is severely wounded.
Your +6 spear of the Fifty Artists {spect, +Blink} hits Jorgrun from afar!
Jorgrun points at you and mumbles some strange words.
You resist with significant effort.
You reach to attack!
You barely miss Jorgrun.
Jorgrun is almost dead.
Your +6 spear of the Fifty Artists {spect, +Blink} completely misses Jorgrun.
Your +6 spear of the Fifty Artists {spect, +Blink} is engulfed in freezing vapours. x3
You reach to attack!
You puncture Jorgrun!
Jorgrun is almost dead.
Your +6 spear of the Fifty Artists {spect, +Blink} hits Jorgrun!
Your +6 spear of the Fifty Artists {spect, +Blink} is engulfed in freezing vapours. x2
Jorgrun hits your +6 spear of the Fifty Artists {spect, +Blink} with a +0 vorpal quarterstaff!
Your spectral weapon shares its damage with you! x2
Your +6 spear of the Fifty Artists {spect, +Blink} is engulfed in freezing vapours.
You reach to attack!
You barely miss Jorgrun.
Jorgrun is almost dead.
Your +6 spear of the Fifty Artists {spect, +Blink} closely misses Jorgrun.
Your +6 spear of the Fifty Artists {spect, +Blink} is engulfed in freezing vapours. x2
Jorgrun points at you and mumbles some strange words.
You are slowing down.
You reach to attack!
You closely miss Jorgrun.
Jorgrun is almost dead.
Your +6 spear of the Fifty Artists {spect, +Blink} hits Jorgrun!
Your +6 spear of the Fifty Artists {spect, +Blink} is engulfed in freezing vapours. x3
Jorgrun gestures at you while chanting.
You shatter!!
Your +6 spear of the Fifty Artists {spect, +Blink} is engulfed in freezing vapours.
Your +6 spear of the Fifty Artists {spect, +Blink} fades away.
Jorgrun casts a spell at you. The iron shot hits you!!!
You die...

####.....# ##♣♣♣~~♣(~♣.####
♣♣~~~~♣♣~~♣~)~♣P###
~♣~♣♣~~~♣~~~~~~~♣♣~♣#
~~~~~~≈≈≈≈~♣~~♣~~♣~~########
~~~~~~≈≈≈≈≈~§§°~~~~♣~.......
~~P~≈≈≈≈≈≈≈≈≈g§~~~~♣♣~......
~P~~≈≈≈≈≈≈≈≈§≈°~♣~~~~~~.....
~~≈≈≈≈≈≈≈≈≈@≈≈§~~~~~~~~#####
~~~≈≈≈≈≈≈≈≈≈≈○≈~~~~~~♣~#
~P♣~≈≈≈≈≈≈≈≈≈≈~♣~~~~♣♣##
~~~~~≈≈~≈≈≈~~♣~)~~~♣♣
♣~P~~~~~≈≈~~~~~~~)♣♣
♣♣~~~~♣~~~~~~~♣♣♣)~♣
.~~♣~~♣♣~♣♣♣♣♣♣ ♣Y........
....#~ ♣♣~ ##....#### ##..##
# #....#


You could see Jorgrun.

Vanquished Creatures
  An ironbound preserver (D:14)
  A boulder beetle (D:11)
  An ogre mage (D:11)
  2 centaur warriors
  A catoblepas (D:14)
  4 two-headed ogres
  A tengu warrior (D:14)
  8 skeletal warriors
  An orc knight (Bailey)
  4 deep elf pyromancers
  An orc sorcerer (D:10)
  8 ugly things (D:14)
  A manticore (D:11)
  2 cyclopes
  2 komodo dragons
  An unseen horror (D:13)
  2 trolls
  A blink frog (shapeshifter) (D:14)
  5 slime creatures (D:12)
  A shadow (D:10)
  2 water elementals (D:14)
  A wraith (D:12)
  Eustachio (D:5)
  4 wyverns
  8 yaks
  A steam dragon (D:7)
  3 vampire mosquitoes (D:11)
  A two-headed ogre zombie (D:10)
  2 acid dragons
  2 water moccasins (D:6)
  10 orc warriors
  2 ice beasts
  A black bear (D:7)
  6 centaurs
  A phantom (D:10)
  A kobold brigand (D:11)
  Blork the orc (D:5)
  2 elf zombies (Ossuary)
  A bullfrog (D:7)
  A necrophage (D:7)
  2 gnoll sergeants
  3 scorpions
  5 wights (D:8)
  A troll zombie (D:10)
  6 killer bees
  2 howler monkeys
  8 electric eels
  2 centaur zombies (Ossuary)
  A quasit (D:8)
  6 hounds
  2 jellies
  A human zombie (Ossuary)
  9 orc priests
  2 iguanas
  13 orc wizards
  2 ogre zombies (D:10)
  A hound zombie (Ossuary)
  3 mummies (Ossuary)
  6 gnolls
  8 adders
  3 shadow imps (D:8)
  2 white imps
  2 ufetubi
  An adder zombie (Ossuary)
  9 dart slugs
  46 orcs
  7 ball pythons
  5 endoplasms
  3 giant cockroaches
  8 goblins
  14 hobgoblins
  4 jackals (D:1)
  21 kobolds
  A quokka (D:1)
  A bat (D:3)
  4 frilled lizards
  3 goblin skeletons (D:10)
  3 goblin zombies (D:10)
  A hobgoblin skeleton (D:10)
  4 hobgoblin zombies
  A jackal zombie (Ossuary)
  3 kobold zombies (Ossuary)
  An orc skeleton (D:10)
  14 orc zombies
  2 quokka zombies (Ossuary)
  4 rats
  2 rat zombies (Ossuary)
351 creatures vanquished.

Vanquished Creatures (collateral kills)
  2 boulder beetles (D:14)
  A centaur warrior (D:14)
  3 two-headed ogres
  An orc high priest (Bailey)
  A skeletal warrior (D:14)
  An orc knight (D:13)
  2 deep elf pyromancers
  An orc sorcerer (Bailey)
  2 cyclopes
  4 ugly things
  A gargoyle (D:12)
  An ice statue (D:10)
  An efreet (D:14)
  A wyvern (D:9)
  2 yaks
  A vampire (D:12)
  A steam dragon (D:7)
  Menkaure (D:7)
  2 vampire mosquitoes
  A water moccasin (D:7)
  A black bear (D:7)
  An ice beast (D:7)
  6 orc warriors
  A sky beast (D:7)
  An ogre (D:11)
  A centaur (D:8)
  A phantom (D:7)
  An elf zombie (Ossuary)
  3 kobold brigands
  2 necrophages
  A bullfrog (D:7)
  A scorpion (D:7)
  4 wights (D:8)
  4 killer bees
  3 howler monkeys (D:7)
  A human zombie (Ossuary)
  An orc priest (D:11)
  An iguana (D:7)
  8 orc wizards
  4 ogre zombies (D:10)
  7 gnolls
  2 shadow imps (D:6)
  2 white imps
  2 ufetubi
  2 adder zombies (Ossuary)
  4 orcs
  A goblin (D:9)
  3 hobgoblins (Bailey)
  2 goblin zombies (Ossuary)
  A hobgoblin skeleton (D:10)
  A hobgoblin zombie (D:10)
  2 jackal zombies (Ossuary)
  6 kobolds
  2 kobold zombies (Ossuary)
  An orc skeleton (D:10)
  3 orc zombies
  3 rat zombies (Ossuary)
120 creatures vanquished.

Vanquished Creatures (others)
  18 battlemagi
  3 demonic plants (D:8)
  129 fulminant prisms
  48 plants (D:14)
198 creatures vanquished.

Grand Total: 669 creatures vanquished

Notes
Turn   | Place    | Note
-------+----------+-------------------------------------------
     0 | D:1      | javelincjr the Djinni Conjurer began the quest for the Orb.
     0 | D:1      | javelincjr set off with the following spells memorised:
                  | Magic Dart, Searing Ray, Dazzling Flash, Fulminant Prism,
                  | Iskenderun's Mystic Blast.
     0 | D:1      | Reached XP level 1. HP: 15/15 MP: 0/0
    68 | D:1      | Reached XP level 2. HP: 11/21 MP: 0/0
   394 | D:1      | Found Cuaqouph's Armour Shoppe.
   426 | D:1      | Found a faded altar of an unknown god.
   527 | D:1      | Reached XP level 3. HP: 23/25 MP: 0/0
   527 | D:1      | Learned a level 1 spell: Slow
   778 | D:1      | Reached skill level 4 in Spellcasting
  1294 | D:2      | Reached XP level 4. HP: 28/31 MP: 0/0
  1367 | D:2      | Identified the +7 sling of Havoc {speed, rC- MP+9 Int+3}
  1984 | D:3      | Reached XP level 5. HP: 32/36 MP: 0/0
  1984 | D:3      | Learned a level 2 spell: Static Discharge
  2000 | D:2      | Reached skill level 1 in Ranged Weapons
  2442 | D:4      | Reached skill level 1 in Fighting
  2442 | D:4      | Reached XP level 6. HP: 37/42 MP: 0/0
  3009 | D:4      | Reached XP level 7. HP: 8/47 MP: 0/0
  3009 | D:4      | Learned a level 3 spell: Ozocubu's Armour
  3351 | D:4      | Found an opulent altar of Gozag.
  3726 | D:5      | Entered Level 5 of the Dungeon
  3849 | D:5      | Found a staircase to the Ecumenical Temple.
  3896 | Temple   | Entered the Ecumenical Temple
  3905 | Temple   | Became a worshipper of Hepliaklqana the Forgotten
  4154 | D:5      | Noticed Eustachio
  4424 | D:5      | Killed Eustachio
  4425 | D:5      | Reached skill level 5 in Ranged Weapons
  4425 | D:5      | Reached XP level 8. HP: 32/55 MP: 0/0
  4608 | D:5      | Noticed Blork the orc
  4621 | D:5      | Killed Blork the orc
  4922 | D:5      | Reached * piety under Hepliaklqana
  5180 | D:6      | Found Geivusek's Weapon Emporium.
  5192 | D:6      | Found Imamonk's Antique Weapon Shoppe.
  5204 | D:6      | Bought a blackened spear for 240 gold pieces
  5204 | D:6      | Identified the +6 spear of the Fifty Artists {spect,
                  | +Blink} (You bought it in a shop on level 6 of the Dungeon)
  5500 | D:6      | Found Ofyf's Armour Boutique.
  5540 | D:6      | Reached skill level 1 in Armour
  5767 | D:6      | Reached skill level 5 in Spellcasting
  5767 | D:6      | Reached XP level 9. HP: 40/54 MP: 0/0
  5767 | D:6      | Learned a level 3 spell: Teleport Other
  6025 | D:7      | Reached ** piety under Hepliaklqana
  6026 | D:7      | Remembered your ancestor Ælfthryth as a battlemage
  6060 | D:7      | Noticed Menkaure
  6075 | D:7      | Killed Menkaure
  6621 | D:7      | Reached skill level 1 in Polearms
  6621 | D:7      | Reached skill level 1 in Evocations
  6672 | D:7      | Reached XP level 10. HP: 36/60 MP: 0/0
  6993 | D:7      | Reached skill level 6 in Spellcasting
  7331 | D:8      | Found a sand-covered staircase.
  7340 | Ossuary  | Entered an ossuary
  8439 | D:8      | Found an ornate altar of the Wu Jian Council.
  8441 | D:8      | Found a basalt altar of Yredelemnul.
  8457 | D:8      | Found a glowing golden altar of the Shining One.
  8457 | D:8      | Found an iron altar of Okawaru.
  8458 | D:8      | Found a broken altar of Ashenzari.
  8459 | D:8      | Found a white marble altar of Elyvilon.
  8460 | D:8      | Found a sacrificial altar of Ru.
  8537 | D:8      | Reached *** piety under Hepliaklqana
  8623 | D:8      | Found a sparkling altar of Nemelex Xobeh.
  8645 | D:8      | Found a bloodstained altar of Trog.
  8835 | D:9      | Found a flagged portal.
  8846 | Bailey   | Entered a bailey
  8931 | Bailey   | Noticed an orc sorcerer
  8938 | Bailey   | Killed an orc sorcerer
  8948 | Bailey   | Noticed an orc knight
  8972 | Bailey   | Reached skill level 5 in Evocations
  8972 | Bailey   | Reached XP level 11. HP: 23/66 MP: 0/0
  8972 | Bailey   | Learned a level 5 spell: Blade Hands
  9272 | Bailey   | Killed an orc knight
  9273 | Bailey   | Reached skill level 7 in Spellcasting
  9285 | Bailey   | Noticed an orc high priest
  9295 | Bailey   | Killed an orc high priest
  9296 | Bailey   | Reached skill level 5 in Dodging
  9598 | Bailey   | Reached skill level 5 in Fighting
  9734 | Bailey   | Found an iron altar of Okawaru.
  9868 | Bailey   | Acquired a scarf of repulsion
 10214 | D:9      | Noticed a two-headed ogre
 10220 | D:9      | Killed a two-headed ogre
 10306 | D:9      | Found a staircase to the Lair.
 10348 | D:9      | Reached skill level 8 in Spellcasting
 10691 | D:9      | Noticed a centaur warrior
 10692 | D:9      | Noticed a deep elf pyromancer
 10761 | D:9      | Found a hide-covered altar of Uskayaw.
 10895 | D:10     | Entered Level 10 of the Dungeon
 11139 | D:10     | Reached **** piety under Hepliaklqana
 11216 | D:10     | Reached XP level 12. HP: 34/72 MP: 0/0
 11590 | D:10     | Found a staircase to the Orcish Mines.
 11605 | D:10     | Reached skill level 5 in Polearms
 11605 | D:10     | Reached skill level 9 in Spellcasting
 11605 | D:10     | Reached XP level 13. HP: 61/77 MP: 0/0
 11605 | D:10     | Learned a level 5 spell: Freezing Cloud
 12667 | D:11     | Noticed an ogre mage
 12672 | D:11     | Killed an ogre mage
 12719 | D:11     | Reached skill level 10 in Spellcasting
 13075 | D:11     | Noticed a boulder beetle
 13085 | D:11     | Killed a boulder beetle
 13627 | D:12     | Found a blossoming altar of Fedhas.
 13650 | D:12     | Reached ***** piety under Hepliaklqana
 14661 | D:12     | Reached skill level 11 in Spellcasting
 14661 | D:12     | Reached XP level 14. HP: 52/83 MP: 0/0
 16181 | D:13     | Identified the +6 chain mail "Ikli" {Will+ Int-4 Dex+4}
 17114 | D:14     | Reached skill level 5 in Stealth
 17598 | D:14     | Reached skill level 12 in Spellcasting
 17791 | D:14     | Noticed an ironbound preserver
 17804 | D:14     | Killed an ironbound preserver
 18095 | D:14     | Found a gate to the Vaults.
 18189 | D:14     | Reached skill level 10 in Evocations
 18444 | D:14     | Noticed Jorgrun
 18700 | D:14     | Killed from afar by Jorgrun

Illustrated notes

Levels and vault maps discovered:
D:1:      minmay_arrival_three_doors, layout_rooms, serial_shops, shop,
          shapermc_ecumenical_altar_mp_urbaneastern
D:2:      layout_basic
D:3:      kennysheep_slugbush, layout_rooms
D:4:      layout_basic, mainiacjoe_overflow_surrounded_room
D:5:      layout_basic, minmay_temple_entry_offerings, uniq_eustachio,
          uniq_blork_the_orc
D:6:      layout_basic, grunt_temple_overflow_magic_moments, serial_shops, shop,
          shop_statue, nicolae_shop_crystal
D:7:      minmay_octagon_keep, layout_basic, uniq_menkaure
D:8:      layout_cave_pools, minitemple, mainiacjoe_overflow_two_lobes,
          serial_demonic, serial_demonic_e, serial_demonic_c, serial_demonic_a,
          serial_demonic_b, lightli_ossuary_entry_decrepit_ruins, eino_curves_01
D:9:      layout_cave_pools, nicolae_uskayaw_dance_studio, lair_entry_dummy,
          enter_bailey_4, lightli_corner_chamber
D:10:     layout_roguey, zombieorc2_lemuel, minivault_16
D:11:     layout_long_grid
D:12:     layout_basic, fedhas_altar_1
D:13:     layout_basic, serial_glass, glass_columns_c, glass_columns_a
D:14:     layout_long_grid, skrybe_vaults_entry_preservation, led_sif_pool,
          serial_bayou, serial_bayou_ford_a, serial_bayou_pond_d,
          serial_bayou_pond_a, serial_bayou_pond_a, serial_bayou_lake_a,
          serial_bayou_shore_a, uniq_jorgrun
Temple:   hellmonk_temple_micro_hex

Skill      XL: |  1  2  3  4  5  6  7  8  9 10 11 12 13 14 |
---------------+-------------------------------------------+-----
Spellcasting   | 4 5 6 8 9 11 12 | 12.8
Ranged Weapons | 2 3 5 6 7 |  7.0
Fighting       | 1 2 3 4 5 |  5.9
Dodging        | 3 4 5 6 |  6.8
Stealth        | 2 3 4 5 |  5.2
Armour         | 1 3 4 |  4.3
Polearms       | 1 3 4 5 6 |  6.1
Evocations     | 2 5 6 7 9 10 | 10.2
Shields        | 3 |  3.6
Invocations    | 2 |  2.0

Action                   |  1- 3 |  4- 6 |  7- 9 | 10-12 | 13-15 || total
-------------------------+-------+-------+-------+-------+-------++-------
Melee: Dagger            |     1 |       |       |       |       ||     1
       Spear             |       |       |    35 |   132 |    31 ||   198
 Fire: Sling             |       |    92 |    52 |       |       ||   144
 Cast: Magic Dart        |    56 |     2 |    29 |   156 |   112 ||   355
       Searing Ray       |     2 |     5 |    13 |     1 |       ||    21
       Fulminant Prism   |       |     2 |    14 |    62 |    51 ||   129
       Iskenderun's Myst |       |     1 |     3 |    14 |    37 ||    55
       Slow              |       |       |     3 |     1 |    15 ||    19
       Freezing Cloud    |       |       |       |       |    59 ||    59
       Teleport Other    |       |       |       |       |     2 ||     2
       Dazzling Flash    |       |       |       |       |     2 ||     2
Invok: Ancestor Life: Ba |       |       |     1 |       |       ||     1
 Abil: Evoke Blink       |       |       |       |       |     1 ||     1
  Use: Scroll            |       |       |    13 |     7 |     3 ||    23
       Potion            |       |       |       |     1 |       ||     1
 Stab: Distracted        |       |       |       |     1 |       ||     1
Armor: Robe              |     1 |     7 |     4 |       |       ||    12
       Leather armour    |       |       |     4 |       |       ||     4
       Steam dragon scal |       |       |       |     9 |     6 ||    15
Dodge: Dodged            |     3 |    15 |    35 |    42 |     9 ||   104
       Repelled          |       |       |       |     1 |     2 ||     3
Block: Kite shield       |       |       |       |       |    12 ||    12
